cohdb
Replays
Latest Replays
All Replays
Popular Replays
Top Player Replays
Match Explorer
How It Works
Community
CoH3 Stats
Reddit
Sign in to upload your games and track your stats! →
Sign in with Steam
Match 46777695
Unlisted
Match 46777695
Overview
Messages
Build Orders
End
Scout Squad
Construct Barracks
1⁄4-ton 4x4 Truck
Selects Armored Battlegroup
Selects Veteran Crews
Riflemen Squad
Riflemen Squad
Mechanized Support Center
Construct Motor Pool
Construct Weapon Support Center
Construct Motor Pool
Engineer Squad
M8 Greyhound Armored Car
Selects Strength in Steel
Designate Forward Repair Station
M8 Greyhound Armored Car
.30 cal Machine Gun
Improvised Armor
Selects Seek and Destroy
Riflemen Squad
Selects UNKNOWN (2160077)
pp123p
Boneless
LotDExile
Hepa
Hextech
comfo
0
0
Comments
sign in to comment!
No comments posted yet!